 Dungeon Crawl Stone Soup version 0.28.0-53-g5a82cb258f (webtiles) character file.

Game seed: 4726805033470564259

37 buh the Sneak (level 3, -4/19 HPs)
             Began as a Deep Elf Conjurer on May 29, 2022.
             Slain by Terence
             ... wielding a +0 flail of holy wrath
              (11 damage)
             ... on level 2 of the Dungeon.
             The game lasted 00:02:51 (1090 turns).

buh the Sneak (Deep Elf Conjurer)                   Turns: 1090, Time: 00:02:51

Health: -4/19      AC:  2    Str:  4    XL:     3   Next: 21%
Magic:  0/9        EV: 12    Int: 24    God:
Gold:   73         SH:  0    Dex: 13    Spells: 7/8 levels left

rFire   . . .      SeeInvis .   (no weapon)
rCold   . . .      Faith    .   (no shield)
rNeg    . . .      Spirit   .   a - +0 robe
rPois   .          Reflect  .   (no helmet)
rElec   .          Harm     .   (no cloak)
rCorr   .          Rampage  .   (no gloves)
Will    .....                   (no boots)
Stlth   +++.......              (no amulet)
HPRegen 0.06/turn               (no ring)
MPRegen 0.11/turn               (no ring)

@: no status effects
A: no striking features
a: no special abilities


You were on level 2 of the Dungeon.
You visited 1 branch of the dungeon, and saw 2 of its levels.

You collected 73 gold pieces.

Inventory:

Armour
 a - a +0 robe (worn)
Scrolls
 b - a scroll of teleportation {unknown}
Potions
 c - a potion of cancellation {unknown}
 d - a potion of haste {unknown}


   Skills:
 - Level 2.4 Dodging
 * Level 4.8 Stealth
 - Level 3.0 Spellcasting
 - Level 4.3 Conjurations


You had 7 spell levels left.
You knew the following spells:

 Your Spells              Type           Power      Damage    Failure   Level
a - Magic Dart            Conj           96%        1d7       1%          1

Your spell library contained the following spells:

 Spells                   Type           Power      Damage    Failure   Level
 Searing Ray              Conj           48%        2d6       2%          2
 Dazzling Flash           Conj/Hex       28%        N/A       13%         3
 Ensorcelled Hibernation  Hex/Ice        6%         N/A       16%         2
 Spider Form              Tmut/Pois      3%         N/A       32%         3
 Fulminant Prism          Conj/Hex       7%         3d7       41%         4
 Iskenderun's Mystic Bla  Conj/Tloc      14%        2d5       41%         4
 Anguish                  Hex/Necr       1%         N/A       71%         4


Dungeon Overview and Level Annotations

Branches:
Dungeon (2/15)

Altars:
Yredelemnul

Annotations:
D:2 Terence


Message History

Terence the Incautious comes into view.
He is wielding a +0 flail of holy wrath.
The magic dart hits Terence but does no damage.
Terence shouts!
The magic dart hits Terence but does no damage.
The magic dart hits Terence!
Terence is moderately wounded.
The magic dart hits Terence but does no damage.
Terence is moderately wounded.
The magic dart hits Terence.
Terence is severely wounded.
The magic dart hits Terence.
Terence is severely wounded.
Aiming: Magic Dart (safe; 1% risk of failure)
Press: ? - help, Q - select action Shift-Dir - straight line, f/p - Terence
Aim: Terence, wielding a +0 flail of holy wrath and wearing a +0 scale mail (severely wounded, 100% to hit)
The magic dart hits Terence but does no damage.
Terence is severely wounded.
Terence hits you with a +0 flail of holy wrath!
Ouch! That really hurt!
Aiming: Magic Dart (safe; 1% risk of failure)
Press: ? - help, Q - select action Shift-Dir - straight line, f/p - Terence
Aim: Terence, wielding a +0 flail of holy wrath and wearing a +0 scale mail (severely wounded, 100% to hit)
The magic dart hits Terence but does no damage.
Terence is severely wounded.
Terence barely misses you.
Aiming: Magic Dart (safe; 1% risk of failure)
Press: ? - help, Q - select action Shift-Dir - straight line, f/p - Terence
Aim: Terence, wielding a +0 flail of holy wrath and wearing a +0 scale mail (severely wounded, 100% to hit)
The magic dart hits Terence.
Terence is almost dead.
Terence misses you.
Aiming: Magic Dart (safe; 1% risk of failure)
Press: ? - help, Q - select action Shift-Dir - straight line, f/p - Terence
Aim: Terence, wielding a +0 flail of holy wrath and wearing a +0 scale mail (almost dead, 100% to hit)
The magic dart hits Terence but does no damage.
Terence is almost dead.
Terence hits you with a +0 flail of holy wrath.
Terence hits you with a +0 flail of holy wrath!
Ouch! That really hurt!
You die...

#.# #># #............# #.#
#.#####(.....#####.### #.#
#.......#...## #.#.## #.#
#.......[..## #....## #.#
##.###.[.#.#######.....#### #.#
#.# #.#......##........... #.#
#.###.#.####.##.#.....###
..#####.....#....#.##.##...######
.........#######@#†...###........
#######.....#..@.#.#### #.#######
#.###.#.####.# #.# #.# #. ..# #.#
..# .. #### #.# ### #.# #.# #.
..# #. #.# #. #.#


You could see Terence.

Vanquished Creatures
  An adder (D:2)
  6 ball pythons
  2 endoplasms
  3 giant cockroaches
  A goblin (D:1)
  A hobgoblin (D:1)
  2 kobolds (D:1)
  A quokka (D:1)
  2 bats
  3 frilled lizards (D:1)
  7 rats (D:1)
29 creatures vanquished.

Notes
Turn   | Place    | Note
-------+----------+-------------------------------------------
     0 | D:1      | buh the Deep Elf Conjurer began the quest for the Orb.
     0 | D:1      | Reached XP level 1. HP: 10/10 MP: 6/6
   161 | D:1      | Reached XP level 2. HP: 11/15 MP: 5/8
   475 | D:1      | Found a faded altar of an unknown god.
   843 | D:2      | Reached XP level 3. HP: 19/19 MP: 4/9
   928 | D:2      | Found a basalt altar of Yredelemnul.
  1077 | D:2      | Noticed Terence
  1090 | D:2      | Slain by Terence

Illustrated notes

Levels and vault maps discovered:
D:1:      lightli_molten_gateway, layout_rooms,
          hellmonk_ecumenical_altar_heavens_door
D:2:      layout_loops_ring, basic_altar, grunt_ministairs_15, uniq_terence

Skill      XL: |  1  2 |
---------------+-------+-----
Stealth        | 3 4 |  4.8
Dodging        | |  2.4
Spellcasting   | |  3.0
Conjurations   | |  4.3

Action                   || total
-------------------------++-------
Melee: Unarmed           ||     6
 Cast: Magic Dart        ||    58
Armor: Robe              ||     3
Dodge: Dodged            ||    11
